 Seeded DCSS version 0.27-a0-988-g25969acef8 (webtiles) character file.

Game seed: 16989952797484863983 (custom seed)

53 karrick the Ducker (level 3, -4/29 HPs)
             Began as a Djinni Gladiator on Apr 15, 2021.
             Shot with an arrow by a centaur (12 damage)
             ... on level 4 of the Dungeon.
             The game lasted 00:02:34 (1591 turns).

karrick the Ducker (Djinni Gladiator)               Turns: 1591, Time: 00:02:35

Health: -4/29      AC:  4    Str: 13    XL:     3   Next: 89%
Gold:   42         EV: 13    Int: 10    God:
                   SH:  0    Dex: 14

rFire    + + .     SeeInvis .   h - +5 falchion
rCold    x . .     Faith    .   (no shield)
rNeg     . . .     Spirit   .   b - +0 leather armour
rPois    ∞         Reflect  .   c - +0 helmet
rElec    .         Harm     .   (no cloak)
rCorr    .         Rampage  .   (no gloves)
Will     .....                  (boots unavailable)
Stlth    +.........             (no amulet)
HPRegen  0.09/turn              (no ring)
MPRegen  0.00/turn              (no ring)

@: flying
A: fire resistance 2, cold vulnerability 1, float, innate caster, hp casting,
extra vitality 1
a: no special abilities


You were on level 4 of the Dungeon.
You visited 1 branch of the dungeon, and saw 4 of its levels.

You collected 42 gold pieces.

Inventory:

Hand Weapons
 a - a +0 long sword
 h - a +5 falchion (weapon)
Missiles
 d - 3 throwing nets (quivered)
Armour
 b - a +0 leather armour (worn)
 c - a +0 helmet (worn)
Jewellery
 g - an amulet of magic regeneration
Scrolls
 j - a scroll of amnesia {unknown}
Potions
 e - 3 potions of lignification {unknown}
 f - a potion of mutation {unknown}
 i - a potion of heal wounds {unknown}


   Skills:
 + Level 2.3 Fighting
 + Level 3.5 Long Blades
 + Level 1.7 Throwing
 + Level 0.2 Armour
 + Level 3.8 Dodging
 + Level 0.1 Stealth


You had one spell level left.
You knew the following spells:

 Your Spells              Type           Power      Damage    Failure   Level
a - Summon Small Mammal   Summ           0%         N/A       43%         1
Your spell library was empty.

Dungeon Overview and Level Annotations

Branches:
Dungeon (3/15)

Altars:

Annotations:
D:2 Sigmund
D:3 Grinder, Ijyb
D:4 2 runed translucent doors


Innate Abilities, Weirdness & Mutations

You are immune to poison.
Your flesh is very heat resistant. (rF++)
You are vulnerable to cold. (rC-)
You float through the air rather than walking.
You learn spells naturally, not from books.
Your magical power is your life essence.
You have superior vitality. (+4 HP)


Message History

Grinder is lightly wounded.
Ijyb hits you but does no damage. Grinder hits you.
You writhe in agony.
Ijyb zaps a wand.
The puff of flame hits you. You resist.
You hit Grinder.
Grinder is moderately wounded.
Grinder gestures at you. Pain shoots through your body! Ijyb barely misses you.
Casting: Summon Small Mammal (safe; 43% risk of failure)
Confirm with . or Enter, or press ? or * to list all spells.
Grinder says, "Mostly I couldn't keep them alive."
Grinder barely misses you. Ijyb misses you.
You riposte.
You hit Ijyb but do no damage.
Ijyb is lightly wounded.
You hit Grinder.
Grinder is moderately wounded.
Grinder blinks!
Ijyb zaps a wand.
The puff of flame hits you. You resist.
* * * LOW HITPOINT WARNING * * *
You swap places.
Ijyb hits your rat but does no damage.
Grinder says, "Tell me all your secrets, or I'll kill you."
Grinder blinks!
Ijyb hits your rat with a +0 club.
Your rat dies!
Your rat's corpse disappears in a puff of smoke!
Grinder says, "Tell me all your secrets, or I'll kill you."
Grinder gestures at you.
You suddenly lose the ability to move!
Grinder blinks!
You can move again.
There is a shaft here.
You are sucked into a shaft and drop 1 floor!
The shaft crumbles and collapses.
A wyvern and a centaur come into view.
The wyvern hisses angrily.
The centaur shouts!
Found four items.
You reach down and open the large door.
The centaur wields a +0 shortbow.
The centaur shoots an arrow.
The arrow closely misses you.
An adder comes into view.
The centaur shoots an arrow.
The arrow barely misses you.
There is a large open translucent door here.
The centaur shoots an arrow.
The arrow hits you!
You die...

##++## ##.
##8..8##.#..
#8....8#....
#=....(#....
#$.c..)#..
#8....8#
#8.l8# .
+.##''##....
#...@........
#.##.......S#
# ##########


You could see a wyvern, a centaur and an adder (asleep).

Vanquished Creatures
  2 dart slugs
  An orc (D:3)
  3 ball pythons (D:1)
  A bat (D:1)
  8 endoplasms
  A giant cockroach (D:3)
  6 goblins
  6 hobgoblins
  2 jackals (D:1)
  2 quokkas
  A frilled lizard (D:1)
  3 kobolds
  5 rats (D:1)
41 creatures vanquished.

Notes
Turn   | Place    | Note
-------+----------+-------------------------------------------
     0 | D:1      | karrick the Djinni Gladiator began the quest for the Orb.
     0 | D:1      | Reached XP level 1. HP: 18/18 MP: 0/0
    65 | D:1      | Reached XP level 2. HP: 23/23 MP: 0/0
   287 | D:1      | Reached XP level 3. HP: 28/28 MP: 0/0
   287 | D:1      | Learned a level 1 spell: Summon Small Mammal
  1025 | D:2      | Noticed Sigmund
  1561 | D:3      | Noticed Ijyb
  1566 | D:3      | Noticed Grinder
  1586 | D:3      | Paralysed by Grinder for 2 turns
  1588 | D:3      | You are sucked into a shaft and drop 1 floor!
  1588 | D:4      | Found a large runed translucent door.
  1588 | D:4      | Found a large runed translucent door.
  1588 | D:4      | Found a large runed translucent door.
  1588 | D:4      | Found a large runed translucent door.
  1588 | D:4      | Noticed a wyvern
  1588 | D:4      | Noticed a centaur
  1591 | D:4      | Shot with an arrow by a centaur

Illustrated notes

Levels and vault maps discovered:
D:1:      moated_graveyard_arrival, layout_basic
D:2:      minmay_recursive_quarters, layout_loops_ring, basic_altar,
          minmay_fountain_box, uniq_sigmund, uniq_crazy_yiuf_cottage
D:3:      layout_basic, serial_shops, shop, st_stairs_2, uniq_robin,
          uniq_grinder, uniq_ijyb
D:4:      layout_cave_pods, minmay_hollow_rounded_squares

Skill      XL: |  1  2 |
---------------+-------+-----
Long Blades    | 3 |  3.5
Fighting       | |  2.3
Throwing       | |  1.7
Armour         | |  0.2
Dodging        | |  3.8
Stealth        | |  0.1

Action                   || total
-------------------------++-------
Melee: Long sword        ||    62
       Falchion          ||    29
 Cast: Summon Small Mamm ||     5
 Stab: Sleeping          ||     1
Armor: Leather armour    ||    22
Dodge: Dodged            ||    51
       Rpst.: Long sword ||    16
       Falchion          ||     5

Table legend: (Time is in decaauts)
 A = Elapsed time spent in this place.
 B = Non-inter-level travel time spent in this place.
 C = Inter-level travel time spent in this place.
 D = Time resting spent in this place.
 E = Time spent auto-exploring this place.
 F = Levels seen in this place.
 G = Mean time per level.
                   A        B        C        D        E       F      G
               +--------+--------+--------+--------+--------+-----+--------+
         Total |   1609 |   1564 |     45 |      0 |   1283 |   4 |  402.2 |
       Dungeon |   1609 |   1564 |     45 |      0 |   1283 |   4 |  402.2 |
               +--------+--------+--------+--------+--------+-----+--------+

Top non-repeatable levels by time:
     D:1: 1059 daAuts
     D:3: 512 daAuts
     D:2: 34 daAuts
     D:4: 2 daAuts
